 Dungeon Crawl Stone Soup version 0.30.1-11-g7821555f0a (webtiles) character file.

Game seed: 2066829990692775524

31154 Peloso the Fencer (level 13, -28/123 HPs)
             Began as a Minotaur Fighter on Dec 17, 2023.
             Was a High Priest of Okawaru.
             Annihilated by an enormous slime creature (63 damage)
             ... on level 11 of the Dungeon.
             The game lasted 00:32:58 (15256 turns).

Peloso the Fencer (Minotaur Fighter)               Turns: 15256, Time: 00:32:59

Health: -28/123    AC: 25    Str: 21    XL:     13   Next: 24%
Magic:  12/12      EV:  8    Int:  8    God:    Okawaru [*****.]
Gold:   1274       SH:  6    Dex: 15    Spells: 12/12 levels left

rFire   . . .        a - +4 scimitar (flame)
rCold   + + .        d - +0 buckler {rC+}
rNeg    + . .        l - +1 plate armour {rC+}
rPois   .            p - +0 hat {Int+3}
rElec   .            c - scarf {repulsion}
rCorr   .            K - +4 pair of gloves "Folojaal" {Fly rN+}
SInv    .            N - +1 pair of boots {rampage}
Will    +....        t - amulet of the acrobat Stlth
                     r - +4 ring of slaying
HPRegen 0.40/turn    o - ring of willpower
MPRegen 0.13/turn

%: repel missiles, acrobat, rampage
@: flying
A: horns 2, retaliatory headbutt
a: Renounce Religion, Heroism, Finesse, Duel


You were on level 11 of the Dungeon.
You worshipped Okawaru.
Okawaru was extremely pleased with you.
You visited 3 branches of the dungeon, and saw 16 of its levels.
You also visited: Ossuary and Ice Cave.

You collected 1306 gold pieces.
You spent 32 gold pieces at shops.

Inventory:

Hand Weapons
 a - a +4 scimitar of flaming (weapon)
 b - a +1 scimitar
Armour
 c - a scarf of repulsion (worn)
 d - a +0 buckler of cold resistance (worn)
 l - a +1 plate armour of cold resistance (worn)
 p - a +0 hat of intelligence (worn)
 K - the +4 pair of gloves "Folojaal" (worn) {Fly rN+}
   (Okawaru gifted it to you on level 11 of the Dungeon)

   rN:        It protects you from negative energy.
   Fly:       It grants you flight.
 N - a +1 pair of boots of rampaging (worn)
Jewellery
 e - an amulet of magic regeneration
 i - a +6 ring of strength
 o - a ring of willpower (right hand)
 r - a +4 ring of slaying (left hand)
 s - a ring of ice
 t - an amulet of the acrobat (around neck)
 x - a ring of fire
 B - a ring of wizardry
 P - a +4 ring of protection
 Q - a ring of protection from cold
Wands
 H - a wand of flame (10)
 J - a wand of roots (13)
 O - a wand of paralysis (10)
Scrolls
 f - 2 scrolls of enchant weapon
 u - 8 scrolls of teleportation
 C - a scroll of enchant armour
 D - a scroll of poison
 E - 2 scrolls of fear
 F - a scroll of acquirement
 G - 4 scrolls of identify
 I - 2 scrolls of amnesia
 L - a scroll of brand weapon {unknown}
 S - a scroll of blinking
Potions
 g - 4 potions of might
 h - a potion of flight
 j - 4 potions of haste
 k - 2 potions of heal wounds
 m - a potion of brilliance
 q - a potion of berserk rage
 v - 8 potions of mutation
 z - 2 potions of ambrosia
 A - 5 potions of curing
 T - a potion of magic {unknown}
Miscellaneous
 w - a box of beasts
 M - a condenser vane
 R - a lightning rod (4/4)


   Skills:
 + Level 13.8 Fighting
 + Level 16.5 Long Blades
 + Level 14.1 Armour
 + Level 4.2 Dodging
 + Level 1.2 Stealth
 + Level 9.1 Shields
 + Level 1.2 Invocations
 + Level 0.7 Evocations


You had 12 spell levels left.
You didn't know any spells.
Your spell library contained the following spells:

 Spells                   Type           Power      Damage    Failure   Level
 Sandblast                Erth           0%         2d4       99%         1
 Lesser Beckoning         Tloc           0%         N/A       100%        2
 Passwall                 Tmut/Erth      0%         N/A       100%        2
 Gell's Gravitas          Tloc           0%         N/A       100%        3
 Stone Arrow              Conj/Erth      0%         3d7       100%        3
 Teleport Other           Tloc           0%         N/A       100%        3
 Anguish                  Hex/Necr       0%         N/A       100%        4
 Cause Fear               Hex            0%         N/A       100%        4
 Conjure Ball Lightning   Conj/Air       0%         3x3d6     100%        6
 Dispersal                Tloc           0%         N/A       100%        6
 Enfeeble                 Hex            0%         N/A       100%        7
 Discord                  Hex            0%         N/A       100%        8
 Disjunction              Tloc           0%         N/A       100%        8


Dungeon Overview and Level Annotations

Branches:
Dungeon (12/15)            Temple (1/1) D:6            Lair (3/5) D:10
  Swamp (0/4) Lair:2        Snake (0/4) Lair:2          Orc (0/2) D:11
Ossuary (visited)           IceCv (visited)

Altars:
Ashenzari
Cheibriados
Dithmenos
Elyvilon
Gozag
Hepliaklqana
Makhleb
Nemelex Xobeh
Okawaru
Yredelemnul
Zin

Shops:
D:8 *

Portals:
Trove: D:11 (give 5 scrolls of fog)

Annotations:
D:3 2 runed translucent doors, Condegh's ghost, amateur DjFE
Lair:2 exclusion: orange crystal statue


Innate Abilities, Weirdness & Mutations

You have a pair of horns on your head.
You reflexively headbutt those who attack you in melee.


Message History

Your headbutt misses the slime creature.
The slime creature is lightly wounded.
The slime creature hits you but does no damage.
The large slime creature hits you but does no damage.
Two slime creatures merge to form a very large slime creature.
Two slime creatures merge to form an enormous slime creature.
The howler monkey hoots and howls with incredible vigour!
You slice the slime creature!! You burn the slime creature!
The slime creature is severely wounded.
The slime creature hits you!
The enormous slime creature completely misses you.
You furiously retaliate!
You headbutt the enormous slime creature!
You slash the slime creature! You burn the slime creature.
You headbutt the slime creature!
The slime creature is almost dead.
The slime creature barely misses you. You furiously retaliate!
You headbutt the slime creature!
You kill the slime creature!
Okawaru accepts your kill.
The enormous slime creature hits you but does no damage.
You rampage towards the howler monkey!
You closely miss the howler monkey. You headbutt the howler monkey.
The howler monkey is moderately wounded.
The howler monkey hits you but does no damage.
You slash the howler monkey! You burn the howler monkey.
The howler monkey is almost dead.
The howler monkey hits you.
Unknown command.
You slash the howler monkey! You burn the howler monkey.
You kill the howler monkey!
Okawaru accepts your kill. The enormous slime creature hits you!!!
Ouch! That really hurt!
* * * LOW HITPOINT WARNING * * *
Unknown command.
The enormous slime creature attacks as you move away!
The enormous slime creature hits you!!!
Ouch! That really hurt!
You die...

.........# #P~~~...#
.#######.#######.~.~~..# ##
#....<..........# ##
#############...# .#####
######.####### .....#
#............# .#.#.#
#.####.#####.# ...#.# #J#
#.......# .###.# #@# #######.# ##
#.# #†# ##.# ####.###########.##
#####..#####
........#.........####...........
#.#####.#.######.......###..###..
#.# #.#.# #..########..###.# ..#
#...# #......>........## #.#
#.### #..########..###.#
#.#####.# #..########..# #..


You could see an enormous slime creature.

Vanquished Creatures
  Gastronok (Lair:1)
  A reaper (IceCv)
  Erica (D:10)
  A two-headed ogre (D:9)
  Amaemon (Lair:1)
  Nergalle (D:11)
  Sonja (D:11)
  A skyshark (Lair:3)
  A bog body (Lair:2)
  An ugly thing (D:7)
  A manticore (D:11)
  A cyclops (D:11)
  An ice statue (IceCv)
  A torpor snail (D:10)
  6 centaur zombies (D:11)
  8 cane toads
  An orange demon (Lair:1)
  A freezing wraith (IceCv)
  4 rime drakes
  4 anaconda simulacra (IceCv)
  4 komodo dragons
  A troll (D:9)
  A polar bear (D:9)
  A meliai zombie (D:11)
  3 blink frogs (Lair:2)
  4 slime creatures (D:11)
  4 shadows (D:11)
  A vampire (D:11)
  A dire elephant simulacrum (IceCv)
  An air elemental (D:10)
  A water elemental (D:10)
  A fire elemental (D:10)
  2 wyverns (D:9)
  A wraith (D:9)
  27 yaks
  2 basilisks
  4 death yak simulacra
  7 water moccasins
  5 nagas (Lair:2)
  An acid dragon (D:10)
  2 swamp worms (Lair:2)
  A sky beast (D:6)
  7 orc warriors
  8 ice beasts
  2 black bears
  10 wolves
  2 centaurs
  An ogre (D:6)
  2 phantoms (D:5)
  An elf zombie (Ossuary)
  A kobold brigand (D:7)
  10 bullfrogs
  2 scorpions
  An earth elemental (D:10)
  3 cane toad simulacra (IceCv)
  5 two-headed ogre simulacra (IceCv)
  An elephant simulacrum (Lair:3)
  3 electric eels (Lair:2)
  6 howler monkeys
  3 lava snakes (Lair:2)
  4 hounds
  3 jellies
  A human zombie (Ossuary)
  2 orc priests (D:6)
  A gnoll bouda (D:5)
  9 orc wizards
  2 sleepcaps (D:6)
  An iguana (D:3)
  5 troll simulacra (IceCv)
  A polar bear simulacrum (IceCv)
  2 wolf simulacra (IceCv)
  4 spriggan simulacra (IceCv)
  2 mummies (Ossuary)
  2 howler monkey zombies (D:11)
  11 gnolls
  6 naga simulacra (IceCv)
  6 adders
  A shadow imp (D:8)
  9 white imps
  8 ufetubi
  A worm (D:3)
  2 dart slugs
  37 orcs
  8 bats
  14 endoplasms
  2 giant cockroaches (D:1)
  10 goblins
  7 hobgoblins
  9 kobolds
  5 quokkas
  3 ball pythons
  5 frilled lizards
  4 gnoll zombies (Ossuary)
  3 goblin zombies (Ossuary)
  3 hobgoblin zombies (Ossuary)
  2 orc zombies (Ossuary)
  3 rats
379 creatures vanquished.

Notes
Turn   | Place    | Note
-------+----------+-------------------------------------------
     0 | D:1      | Peloso the Minotaur Fighter began the quest for the Orb.
     0 | D:1      | Reached XP level 1. HP: 19/19 MP: 0/0
   126 | D:1      | Reached XP level 2. HP: 27/27 MP: 1/1
   530 | D:1      | Reached XP level 3. HP: 33/33 MP: 2/2
  1100 | D:2      | Reached skill level 3 in Long Blades
  1158 | D:2      | Reached skill level 1 in Dodging
  1286 | D:2      | Reached XP level 4. HP: 31/40 MP: 3/3
  2023 | D:3      | Reached skill level 4 in Long Blades
  2023 | D:3      | Reached XP level 5. HP: 22/46 MP: 4/4
  2120 | D:3      | Found a large runed translucent door.
  2120 | D:3      | Found a large runed translucent door.
  2129 | D:3      | Noticed Condegh's ghost (amateur DjFE)
  2477 | D:4      | Reached skill level 5 in Armour
  2573 | D:4      | Reached skill level 5 in Long Blades
  2577 | D:4      | Reached XP level 6. HP: 15/53 MP: 5/5
  2965 | D:4      | Found a glowing silver altar of Zin.
  3094 | D:5      | Entered Level 5 of the Dungeon
  3187 | D:5      | Reached skill level 6 in Long Blades
  3221 | D:5      | Reached XP level 7. HP: 51/60 MP: 6/6
  3323 | D:5      | Found a sand-covered staircase.
  3362 | Ossuary  | Entered an ossuary
  3394 | Ossuary  | Reached skill level 5 in Fighting
  3399 | Ossuary  | Reached skill level 7 in Long Blades
  3414 | Ossuary  | Reached skill level 5 in Shields
  4365 | D:6      | Reached skill level 8 in Long Blades
  4369 | D:6      | Reached XP level 8. HP: 53/69 MP: 7/7
  4631 | D:6      | Found a staircase to the Ecumenical Temple.
  4667 | D:6      | Reached skill level 9 in Long Blades
  4695 | Temple   | Entered the Ecumenical Temple
  4849 | Temple   | Became a worshipper of Warmaster Okawaru
  5112 | D:6      | Found a sparkling altar of Nemelex Xobeh.
  5489 | D:7      | Reached skill level 10 in Long Blades
  5569 | D:7      | Reached * piety under Okawaru
  5784 | D:7      | Noticed a red ugly thing
  5791 | D:7      | Killed a red ugly thing
  5792 | D:7      | Reached XP level 9. HP: 52/78 MP: 5/8
  6431 | D:8      | Reached skill level 11 in Long Blades
  6441 | D:8      | Reached skill level 1 in Stealth
  6448 | D:8      | Found Eruvum's Assorted Antiques.
  6457 | D:8      | Bought 2 bubbling blue potions for 32 gold pieces
  6678 | D:8      | Reached ** piety under Okawaru
  6682 | D:8      | Reached skill level 12 in Long Blades
  7079 | D:8      | Reached XP level 10. HP: 40/88 MP: 9/9
  7555 | D:9      | Reached *** piety under Okawaru
  7568 | D:9      | Reached skill level 13 in Long Blades
  8168 | D:9      | Identified a scroll of acquirement
  8177 | D:10     | Entered Level 10 of the Dungeon
  8177 | D:10     | Noticed a two-headed ogre
  8184 | D:9      | Killed a two-headed ogre
  8423 | D:9      | Reached **** piety under Okawaru
  8439 | D:9      | Reached skill level 10 in Armour
  8621 | D:10     | Found a staircase to the Lair.
  8833 | D:10     | Found a large runed translucent door.
  8833 | D:10     | Found a large runed translucent door.
  9016 | D:10     | Noticed Erica
  9030 | D:10     | Paralysed by an air elemental for 1 turns
  9033 | D:10     | Paralysed by an air elemental for 1 turns
  9036 | D:10     | Reached XP level 11. HP: 85/99 MP: 7/10
  9040 | D:10     | Reached skill level 10 in Fighting
  9043 | D:10     | Killed Erica
  9044 | D:10     | Reached skill level 14 in Long Blades
  9245 | D:11     | Found a portal to a secret trove of treasure.
  9340 | D:11     | Noticed Nergalle
  9351 | D:11     | Killed Nergalle
  9351 | D:11     | Reached ***** piety under Okawaru
  9719 | D:11     | Noticed Sonja
  9725 | D:11     | Killed Sonja
  9860 | D:11     | Found a staircase to the Orcish Mines.
  9881 | D:11     | Identified the +4 pair of gloves "Folojaal" {Fly rN+}
                  | (Okawaru gifted it to you on level 11 of the Dungeon)
  9881 | D:11     | Received a gift from Okawaru
  9981 | D:11     | Reached skill level 15 in Long Blades
 10195 | D:11     | Reached skill level 1 in Invocations
 10513 | Lair:1   | Entered Level 1 of the Lair of Beasts
 10729 | Lair:1   | Noticed Amaemon
 10775 | Lair:1   | Reached XP level 12. HP: 43/110 MP: 9/11
 10784 | Lair:1   | Killed Amaemon
 11525 | Lair:1   | Noticed Gastronok
 11535 | Lair:1   | Killed Gastronok
 11694 | Lair:2   | Found a shadowy altar of Dithmenos.
 12220 | Lair:2   | Found a staircase to the Snake Pit.
 12624 | Lair:2   | Found a staircase to the Swamp.
 12727 | Lair:2   | Received a gift from Okawaru
 12738 | Lair:2   | Reached skill level 16 in Long Blades
 12823 | Lair:2   | Noticed a death yak
 12823 | Lair:2   | Noticed a death yak
 12823 | Lair:2   | Noticed a death yak
 12909 | Lair:3   | Found a frozen archway.
 13007 | IceCv    | Entered an ice cave
 13537 | IceCv    | Noticed a reaper
 13560 | IceCv    | Killed a reaper
 13564 | IceCv    | Reached XP level 13. HP: 22/122 MP: 10/12
 13785 | IceCv    | Identified the staff of air "Bilu" {rElec Dex+2}
 15256 | D:11     | Annihilated by an enormous slime creature

Illustrated notes

Levels and vault maps discovered:
D:1:      psy_arrival_spokes, layout_loops_corners, amcnicky_mini_pool_small
D:2:      layout_loops_ring
D:3:      layout_rooms, ebering_ghost_disaster_area, minmay_circle_x
D:4:      layout_rooms, kennysheep_mini, minmay_misc_feat_tower
D:5:      layout_basic, nicolae_ossuary_entry_ruins, dreamdust_gnoll_farm
D:6:      layout_loops_ring, nemelex_spade_bored_becter,
          minmay_temple_entry_poolview, minmay_misc_feat_chi, hex_tiny
D:7:      layout_gridville, dk_noncrumbling_3
D:8:      layout_loops_ring, serial_shops, nicolae_shop_trees,
          kennysheep_small_spiral
D:9:      layout_basic
D:10:     layout_rooms, hellmonk_lair_entry_icy, lightli_elemental_guards,
          uniq_erica
D:11:     layout_loops_ring, david_orc_2, nicolae_trove_entry_isolated,
          serial_undead, serial_undead_f, serial_undead_a, serial_undead_d,
          serial_undead_c, serial_bayou_pond_c, uniq_nergalle, uniq_sonja
D:12:     layout_cave_pools, gammafunk_ghost_necromancy
Temple:   mainiacjoe_temple_big_plus
Lair:1:   layout_loops_ring, grunt_megastairs_4, uniq_amaemon, uniq_gastronok
Lair:2:   layout_gridlike, nicolae_swamp_entry_splash_gauntlet,
          minmay_snake_entry_guardpost_medium, basic_altar, disabler_island
Lair:3:   layout_misc_corridors, portal_ice_cave_entry_ice_simulacra,
          lemuel_fruit_tree, grunt_megastairs_3

Skill      XL: |  1  2  3  4  5  6  7  8  9 10 11 12 13 |
---------------+----------------------------------------+-----
Fighting       | 4 5 6 8 9 11 13 | 13.8
Shields        | 4 5 6 7 8 9 |  9.1
Armour         | 4 5 6 7 8 10 12 13 14 | 14.1
Long Blades    | 3 4 5 6 8 10 12 13 15 16 | 16.5
Dodging        | 1 2 3 4 |  4.2
Stealth        | 1 |  1.2
Invocations    | 1 |  1.2
Evocations     | |  0.7

Action                     |  1- 3 |  4- 6 |  7- 9 | 10-12 | 13-15 || total
---------------------------+-------+-------+-------+-------+-------++-------
  Melee: Long sword        |    86 |   107 |    42 |       |       ||   235
         Headbutt          |    19 |    10 |    43 |   131 |    26 ||   229
         Scimitar          |       |       |   173 |   517 |    98 ||   788
 Invoke: Heroism           |       |       |     1 |     6 |       ||     7
  Evoke: Wand              |       |       |       |     3 |       ||     3
    Use: Scroll            |     2 |     2 |    12 |     9 |       ||    25
         Potion            |       |       |       |     4 |     1 ||     5
 Armour: Scale mail        |    47 |    27 |       |       |       ||    74
         Chain mail        |       |    21 |    27 |       |       ||    48
         Plate armour      |       |       |    65 |   274 |    51 ||   390
  Dodge: Dodged            |    39 |    63 |    94 |   276 |    29 ||   501
         Repelled          |       |       |       |    15 |     1 ||    16
  Block: Buckler           |    15 |    25 |    37 |   124 |    23 ||   224
